 Dungeon Crawl Stone Soup version 0.22-a0-69-g116c2a8 (webtiles) character file.

773 Klosterheim the Poker (level 7, -1/84 HPs)
             Began as a Demonspawn Monk on Jan 11, 2018.
             Slain by a black bear (5 damage)
             ... on level 8 of the Dungeon.
             The game lasted 00:15:24 (6712 turns).

Klosterheim the Poker (Demonspawn Monk)             Turns: 6712, Time: 00:15:28

Health: -1/84      AC:  7    Str: 18    XL:     7   Next: 53%
Magic:  0/7        EV: 11    Int: 14    God:
Gold:   183        SH:  0    Dex: 20    Spells: 6/6 levels left

rFire    + . .     SeeInvis .   t - +7 flail of Due Proportion {crush, rElec Int+3 Dex-2}
rCold    + . .     Gourm    .   (no shield)
rNeg     . . .     Faith    .   m - +0 scale mail
rPois    .         Spirit   +   d - +0 helmet
rElec    +         Reflect  .   w - scarf {rC+ rF+}
rCorr    .         Harm     .   (no gloves)
MR       .....                  (no boots)
Stlth    ..........             s - amulet of regeneration
HPRegen  0.64/turn              l - +6 ring of dexterity
MPRegen  0.10/turn              y - ring of stealth

@: berserking, very quick
A: claws 1, talons 2, powered by death 1, magic shield
a: no special abilities


You were on level 8 of the Dungeon.
You were hungry.

You visited 1 branch of the dungeon, and saw 8 of its levels.

You collected 282 gold pieces.
You spent 99 gold pieces at shops.

Inventory:

Hand Weapons
 a - a +0 spear
 t - the +7 flail of Due Proportion (weapon) {crush, rElec Int+3 Dex-2}
   (You found it on level 7 of the Dungeon)

   It inflicts extra damage upon your enemies.
   It affects your intelligence (+3).
   It affects your dexterity (-2).
   It insulates you from electricity.
Armour
 d - a +0 helmet (worn)
 h - a +0 chain mail
 m - a +0 scale mail (worn)
 o - a +0 plate armour
 w - a scarf of resistance (worn)
Jewellery
 e - an uncursed ring of positive energy
 l - a +6 ring of dexterity (left claw)
 s - an amulet of regeneration (around neck)
 y - a ring of stealth (right claw)
Wands
 b - a wand of flame (13)
 g - a wand of iceblast (8)
 q - a wand of random effects (57)
Scrolls
 i - 2 scrolls of teleportation
 j - 3 scrolls of identify
 p - 4 scrolls of remove curse
 x - a scroll of magic mapping
 A - 2 scrolls of random uselessness {unknown}
Potions
 f - 2 potions of flight
 k - a potion of might
 n - 3 potions of curing
 r - a potion of cancellation {unknown}
 u - a potion of haste
Books
 v - a book of Conjurations

   Spells                             Type                      Level
   a - Magic Dart                     Conjuration                  1
   b - Searing Ray                    Conjuration                  2
   c - Dazzling Spray                 Conjuration/Hexes            3
   d - Fulminant Prism                Conjuration/Hexes            4
   e - Force Lance                    Conjuration/Translocation    4
   f - Iskenderun's Mystic Blast      Conjuration                  4
Comestibles
 c - 8 rations
 B - 2 chunks of flesh


   Skills:
 + Level 5.2 Fighting
 * Level 6.4 Polearms
 + Level 2.8 Armour
 - Level 2.6 Dodging
 - Level 1.7 Stealth


You had 6 spell levels left.
You didn't know any spells.

Dungeon Overview and Level Annotations

Branches:
Dungeon (8/15)
 Temple: D:4-7         Lair: D:8-11

Altars:
Hepliaklqana
Qazlal

Shops:
D:4 }   D:5 !

Annotations:
D:6 Grinder, Sigmund
D:7 Dowan, Duvessa, Joseph


Innate Abilities, Weirdness & Mutations

You have sharp fingernails.
You have razor-sharp toenails.
You regenerate a little health from kills.
When hurt, damage is shared between your health and your magic reserves.


Message History

You sock the black bear!
You claw the black bear, but do no damage.
The black bear is almost dead.
The black bear bites you!
* * * LOW HITPOINT WARNING * * *
The black bear claws you but does no damage.
The black bear claws you.
* * * LOW HITPOINT WARNING * * *
The black bear bites you but does no damage.
The black bear claws you.
* * * LOW HITPOINT WARNING * * *
The black bear claws you.
* * * LOW HITPOINT WARNING * * *
A red film seems to cover your vision as you go berserk!
You feel yourself moving faster!
You feel mighty! The black bear misses you.
The black bear claws you but does no damage.
The black bear barely misses you. The black bear bites you.
* * * LOW HITPOINT WARNING * * *
The black bear claws you.
You die...
PPPPP..##

#....#
##♣.....###....#........
+........#....#........
+............)#........
+........#....#........
#......###....#.......#
#♣PP..## #....#.......#
♣P♣..# #....#h.......
♣♣PP.## #....)@.......
#♣P♣...###....#.......#
#PPPP.....#####.......#
.#.........#...#.......#
.#.........#...#.......#
.#♣PP......#...#.......+
. ♣♣.......'...#.......#
♣PP......#..##.......#
#♣.....###..##


You could see a black bear (berserk).

Vanquished Creatures
  A sky beast (D:5)
  A centaur (D:5)
  A bullfrog (D:6)
  2 hounds
  A jelly (D:5)
  3 worker ants (D:4)
  Natasha (twice) (D:2)
  2 iguanas
  Robin (D:2)
  5 adders
  9 gnolls
  An ooze (D:2)
  An adder skeleton (D:5)
  3 worms
  4 dart slugs
  2 leopard geckos
  8 orcs
  A ball python (D:3)
  6 bats
  7 giant cockroaches
  11 goblins
  14 hobgoblins
  5 jackals
  7 kobolds
  4 quokkas
  A ball python skeleton (D:4)
  3 frilled lizards (D:1)
  7 rats
113 creatures vanquished.

Vanquished Creatures (others)
  An ooze (D:2)
  A goblin (D:2)
2 creatures vanquished.

Grand Total: 115 creatures vanquished

Notes
Turn   | Place    | Note
-------+----------+-------------------------------------------
     0 | D:1      | Klosterheim the Demonspawn Monk began the quest for the Orb.
     0 | D:1      | Reached XP level 1. HP: 18/18 MP: 1/1
   490 | D:1      | Reached skill level 3 in Polearms
   517 | D:1      | Gained mutation: You have sharp toenails. [demonic ancestry]
   517 | D:1      | Reached XP level 2. HP: 23/24 MP: 2/2
  1257 | D:1      | Gained mutation: You have sharp fingernails. [demonic ancestry]
  1257 | D:1      | Reached XP level 3. HP: 29/29 MP: 3/3
  2223 | D:2      | Found a hazy altar of Hepliaklqana.
  2238 | D:2      | Noticed Natasha
  2240 | D:2      | Noticed Robin
  2255 | D:2      | Killed Natasha
  2255 | D:2      | Reached skill level 4 in Polearms
  2255 | D:2      | Reached XP level 4. HP: 14/37 MP: 4/4
  2289 | D:2      | Noticed Natasha
  2298 | D:2      | Killed Natasha
  2724 | D:2      | Killed Robin
  2803 | D:2      | Found a stormy altar of Qazlal.
  2981 | D:3      | Gained mutation: You have razor-sharp toenails. [demonic ancestry]
  2981 | D:3      | Reached XP level 5. HP: 42/42 MP: 5/5
  3816 | D:4      | Reached skill level 5 in Polearms
  4011 | D:4      | Reached skill level 1 in Armour
  4153 | D:4      | Gained mutation: When hurt, damage is shared between your health and your magic reserves. [demonic ancestry]
  4153 | D:4      | Reached XP level 6. HP: 46/49 MP: 6/6
  4504 | D:4      | Found Suis's Gadget Boutique.
  4601 | D:5      | Entered Level 5 of the Dungeon
  4691 | D:6      | Noticed Sigmund
  4901 | D:5      | Noticed a sky beast
  5399 | D:5      | Found Beotacej's Distillery.
  5414 | D:5      | Bought a potion of agility for 44 gold pieces
  5414 | D:5      | Bought a potion of berserk rage for 55 gold pieces
  5632 | D:5      | Killed a sky beast
  5632 | D:5      | Reached skill level 5 in Fighting
  5632 | D:5      | Reached skill level 6 in Polearms
  5632 | D:5      | Gained mutation: You regenerate a little health from kills. [demonic ancestry]
  5632 | D:5      | Reached XP level 7. HP: 56/56 MP: 7/7
  5850 | D:5      | Found Beotacej's Distillery.
  6332 | D:6      | Noticed Grinder
  6348 | D:7      | Noticed Duvessa
  6348 | D:7      | Noticed Dowan
  6352 | D:7      | Noticed Joseph
  6357 | D:7      | Got a warped flail
  6364 | D:7      | Identified the +7 flail of Due Proportion {crush, rElec Int+3 Dex-2} (You found it on level 7 of the Dungeon)
  6712 | D:8      | HP: 4/84 [black bear (6)]
  6712 | D:8      | Slain by a black bear

Vault maps used:
D:1:      noname_arrival_rooms_in_the_neighbourhood, patterned_corridor
D:2:      overflow_temple_1_default, first_ration, grunt_qazlal_clouds,
          uniq_natasha, uniq_robin
D:4:      serial_shops, nicolae_shop_behind_doors
D:5:      serial_glass, glass_columns_a, glass_columns_b, glass_columns_b,
          glass_columns_c, glass_columns_a, serial_shops,
          nicolae_shop_waterfront, minmay_misc_feat_tiny
D:6:      kennysheep_mini_moat, nicolae_overflow_hidden_temple,
          temple_fountains, uniq_grinder, uniq_sigmund
D:7:      tgw_xom, serial_shops, nicolae_shop_behind_doors,
          corexii_leaking_fountain, minivault_27, the_bakery, uniq_duvessa,
          uniq_joseph
D:8:      kennysheep_housing_project, minmay_lair_entry_grove

Skill      XL: |  1  2  3  4  5  6 |
---------------+-------------------+-----
Polearms       | 3 4 5 6 |  6.4
Fighting       | 4 5 |  5.2
Armour         | 1 2 |  2.8
Dodging        | |  2.6
Stealth        | |  1.7

Action                   |  1- 3 |  4- 6 |  7- 9 || total
-------------------------+-------+-------+-------++-------
Melee: Spear             |   176 |   268 |    12 ||   456
       Kick              |    32 |    83 |    11 ||   126
       Scythe            |       |     7 |       ||     7
       Flail             |       |       |    26 ||    26
  Use: Scroll            |       |    13 |     5 ||    18
       Potion            |       |     2 |     1 ||     3
 Stab: Sleeping          |     7 |     2 |       ||     9
       Distracted        |       |     1 |     1 ||     2
  Eat: Chunk             |     4 |    11 |     3 ||    18
Armor: Robe              |     7 |       |       ||     7
       Ring mail         |    21 |    41 |       ||    62
       Scale mail        |       |    31 |    12 ||    43
Dodge: Dodged            |    87 |   122 |    28 ||   237

Table legend:
 A = Spawn XP
 B = Non-spawn XP
 C = Spawn XP percentage of total XP
 D = Spawn monster count
 E = Non-spawn monster count
 F = Spawn count percentage of total count
 G = Total turns spent on level
                    A         B        C        D         E        F      G
               +---------+---------+-------+---------+---------+-------+---------
         Total |       0 |    1105 |   0.0 |       0 |     113 |   0.0 |  6712
               +---------+---------+-------+---------+---------+-------+---------
           D:1 |       0 |      56 |   0.0 |       0 |      32 |   0.0 |  1800
           D:2 |       0 |     125 |   0.0 |       0 |      24 |   0.0 |  1151
           D:3 |       0 |      47 |   0.0 |       0 |      15 |   0.0 |   651
           D:4 |       0 |     226 |   0.0 |       0 |      13 |   0.0 |  1182
           D:5 |       0 |     389 |   0.0 |       0 |      18 |   0.0 |  1275
           D:6 |       0 |      93 |   0.0 |       0 |       1 |   0.0 |   289
           D:7 |       0 |      45 |   0.0 |       0 |       4 |   0.0 |   239
           D:8 |       0 |     124 |   0.0 |       0 |       6 |   0.0 |   125
               +---------+---------+-------+---------+---------+-------+---------
